 Dungeon Crawl Stone Soup version 0.31.0-32-g396128a36d (webtiles) character file.

Game seed: 197304194252997796

1286 KittyFluff the Ruffian (level 8, -4/78 HPs)
             Began as a Troll Shapeshifter on Apr 2, 2024.
             Was an Initiate of Trog.
             Slain by a gnoll
             ... wielding a +0 spear
             ... led by a gnoll sergeant
              (8 damage)
             ... on level 5 of the Dungeon.
             The game lasted 00:19:51 (3892 turns).

KittyFluff the Ruffian (Troll Shapeshifter)         Turns: 3892, Time: 00:19:52

Health: -4/78      AC:  5    Str: 31    XL:     8   Next: 30%
Magic:  7/7        EV:  8    Int:  6    God:    Trog [......]
Gold:   178        SH: 11    Dex:  9    Spells: 7/7 levels left

rFire   . .          .
                       - Unarmed
rCold   . . .        y - +0 tower shield
rNeg    . . .        p - +1 robe {Will+}
rPois   .            (helmet currently unavailable)
rElec   .            (cloak currently unavailable)
rCorr   .            (gloves unavailable)
SInv    .            (boots unavailable)
Will    +....        (no amulet)
Stlth   +            M - +6 ring of strength
HPRegen 1.13/turn    (no ring)
MPRegen 0.10/turn

%: no passive effects
@: beast-form
A: beast (slay +2), large, unfitting armour, claws 3, regeneration 1, shaggy fur
1, tough skin 1
a: Begin Untransformation, Renounce Religion


You were on level 5 of the Dungeon.
You worshipped Trog.
Trog was noncommittal.
You were a hulking beast.
You visited 1 branch of the dungeon, and saw 5 of its levels.
You also visited: Sewer.

You collected 178 gold pieces.

Inventory:

Hand Weapons
 f - a +0 whip
 i - a +0 morningstar
 q - a +0 sling
 v - a +0 heavy sling
Missiles
 e - 61 stones (quivered)
 r - 3 throwing nets
 G - 12 poisoned darts
 H - 2 curare-tipped darts
Armour
 p - a +1 robe of willpower (worn)
 y - a +0 tower shield (worn)
Jewellery
 D - an amulet of faith
 M - a +6 ring of strength (left claw)
Talismans
 c - a beast talisman
 d - a flux talisman
 F - a talisman of death
Scrolls
 l - a scroll of amnesia {unknown}
 s - 2 scrolls of fear {unknown}
 t - a scroll of silence {unknown}
 u - a scroll of teleportation {unknown}
 z - a scroll of enchant weapon {unknown}
 B - a scroll of fog
 C - a scroll of noise {unknown}
 E - 2 scrolls of enchant armour {unknown}
 J - 2 scrolls of identify {unknown}
 K - a scroll of immolation {unknown}
 L - 2 scrolls of vulnerability {unknown}
Potions
 a - 3 potions of invisibility {unknown}
 b - 2 potions of lignification
 g - 2 potions of brilliance {unknown}
 h - a potion of haste {unknown}
 j - 3 potions of curing {unknown}
 k - 2 potions of degeneration {unknown}
 m - 2 potions of attraction {unknown}
 n - a potion of enlightenment {unknown}
 o - 2 potions of might {unknown}
 w - a potion of ambrosia {unknown}
 x - 2 potions of mutation {unknown}
 A - a potion of experience {unknown}
 I - 2 potions of heal wounds {unknown}


   Skills:
 + Level 3.8 Fighting
 + Level 4.1 Dodging
 + Level 3.2 Shields
 + Level 5.5 Unarmed Combat
 + Level 5.1 Shapeshifting


You had 7 spell levels left.
You didn't know any spells.
Your spell library contained the following spells:

 Spells                   Type           Power      Damage    Failure   Level
 Summon Small Mammal      Summ           0%         N/A       90%         1
 Call Canine Familiar     Summ           0%         N/A       99%         3
 Summon Blazeheart Golem  Fire/Summ      0%         N/A       100%        4


Dungeon Overview and Level Annotations

Branches:
Dungeon (5/15)              Sewer (visited)
 Temple: D:4-7

Altars:
Hepliaklqana
Qazlal
Trog
Xom

Shops:
D:1 (


Innate Abilities, Weirdness & Mutations

You are a hulking beast.
Your limbs bulge with bestial killing power. (Slay +2)
You are too large for most types of armour.
You have claws for hands.
Your natural rate of healing is unusually fast.
You are covered in fur. (AC +1)
You have tough skin. (AC +1)


Message History

You swing at nothing.
You block the gnoll's attack.
The gnoll sergeant hits you but does no damage.
You block the gnoll's attack.
You swing at nothing.
You block the gnoll's attack.
The gnoll sergeant hits you but does no damage.
You block the gnoll's attack.
You swing at nothing.
You block the gnoll's attack. You block the gnoll sergeant's attack.
The gnoll hits you but does no damage.
You swing at nothing.
You block the gnoll sergeant's attack.
The gnoll hits you from afar with a +0 spear.
* * * LOW HITPOINT WARNING * * *
You block the gnoll's attack. x2; You block the gnoll sergeant's attack.
The gnoll hits you but does no damage.
You swing at nothing.
You block the gnoll's attack. x2
You block the gnoll sergeant's attack.
You swing at nothing.
You block the gnoll's attack.
The gnoll sergeant hits you from afar with a +0 trident.
* * * LOW HITPOINT WARNING * * *
You block the gnoll's attack.
You swing at nothing.
You block the gnoll's attack.
The gnoll sergeant hits you from afar with a +0 trident!
* * * LOW HITPOINT WARNING * * *
You block the gnoll's attack.
You swing at nothing.
You block the gnoll's attack. x2
You block the gnoll sergeant's attack.
You swing at nothing.
You feel less wooden.
Your +1 robe of willpower unmelds from your body.
You feel strong-willed.
You turn into a hulking beast.
The gnoll barely misses you. The gnoll sergeant barely misses you.
The gnoll hits you from afar with a +0 spear.
* * * LOW HITPOINT WARNING * * *
As you read the scroll labelled PIZUJA REOZI, it dissolves into smoke.
It was a scroll of fog.
You block the gnoll's attack.
The gnoll sergeant hits you but does no damage.
The gnoll hits you from afar with a +0 spear.
* * * LOW HITPOINT WARNING * * *
The gnoll attacks as it pursues you!
The gnoll hits you from afar with a +0 spear!
You die...

##..# ###### ####
##...####.##.####..#
#.....#....#.#.....####
#.....##.............#.
#...........##.........
##.....§§....#...#......
#...§##§§....##†####....
###..#gg§§§....##..# ##...
#####.....g##h..##..#..###....
#......##..##§§.....#.....^...
#.....####..##....##....###....
....# ........## .......#.. ..g
...<####.# .......##.. ..
.....# .. ....... #.. .......
............#.. .....# ....
........ .......)


You could see a gnoll.

Vanquished Creatures
  A water moccasin (D:5)
  A black bear (D:4)
  An ogre (D:5)
  A centaur (D:5)
  A phantom (D:5)
  3 kobold brigands (Sewer)
  A brain worm (Sewer)
  3 bombardier beetles
  An orc priest (D:4)
  2 jellies
  2 sleepcaps (D:4)
  An orc wizard (D:4)
  2 iguanas (D:5)
  Robin (D:3)
  9 adders
  6 gnolls
  A dart slug (D:2)
  3 ribbon worms
  7 orcs (D:4)
  6 bats
  9 endoplasms
  5 giant cockroaches
  13 goblins
  7 hobgoblins
  8 jackals
  2 quokkas (D:2)
  6 ball pythons
  3 frilled lizards
  19 kobolds
  6 rats
131 creatures vanquished.

Notes
Turn   | Place    | Note
-------+----------+-------------------------------------------
     0 | D:1      | KittyFluff the Troll Shapeshifter began the quest for the
                  | Orb.
     0 | D:1      | Reached XP level 1. HP: 18/18 MP: 0/0
    38 | D:1      | Reached skill level 1 in Fighting
    75 | D:1      | Reached XP level 2. HP: 27/27 MP: 1/1
   224 | D:1      | Found Buthre's Antique Weapon Shoppe.
   396 | D:1      | You fall into a shaft and drop 1 floor!
   514 | D:2      | Reached XP level 3. HP: 33/33 MP: 2/2
   892 | D:1      | Found a faded altar of an unknown god.
  1519 | D:3      | Reached XP level 4. HP: 40/42 MP: 3/3
  1781 | D:3      | Reached XP level 5. HP: 49/49 MP: 4/4
  1789 | D:3      | Noticed Robin
  1812 | D:3      | Killed Robin
  2482 | D:4      | Noticed a black bear
  2491 | D:4      | Reached XP level 6. HP: 49/59 MP: 5/5
  2497 | D:4      | Reached skill level 1 in Shields
  2637 | D:4      | Found a shimmering altar of Xom.
  2906 | D:4      | Found a stormy altar of Qazlal.
  3138 | D:5      | Entered Level 5 of the Dungeon
  3188 | D:5      | Found a glowing drain.
  3196 | D:5      | Reached XP level 7. HP: 64/66 MP: 6/6
  3214 | Sewer    | Entered a sewer
  3428 | Sewer    | Reached skill level 5 in Unarmed Combat
  3560 | D:5      | Found a bloodstained altar of Trog.
  3642 | D:5      | Became a worshipper of Trog the Wrathful
  3698 | D:5      | Found a hazy altar of Hepliaklqana.
  3772 | D:5      | Reached XP level 8. HP: 55/75 MP: 7/7
  3774 | D:5      | Reached skill level 5 in Shapeshifting
  3867 | D:5      | HP: 5/117 [gnoll sergeant/+0 trident (5)]
  3873 | D:5      | HP: 4/117 [gnoll/+0 spear[a gnoll sergeant] (5)]
  3891 | D:5      | HP: 3/78 [gnoll/+0 spear[a gnoll sergeant] (4)]
  3892 | D:5      | Slain by a gnoll

Illustrated notes

Levels and vault maps discovered:
D:1:      dpeg_arrival_simpleton_c, layout_loops_ring, serial_shops, shop,
          ebering_ecumenical_altar_rust
D:2:      layout_basic, hangedman_decor_growths
D:3:      layout_basic, uniq_robin
D:4:      layout_loops_ring, xom_teletrap_fun,
          mainiacjoe_overflow_small_starburst, hangedman_decor_lopped,
          nicolae_eternal_life
D:5:      layout_cave_pools, mainiacjoe_overflow_concentric_impassable,
          old_standard_altar, minmay_temple_entry_mist, portal_sewer_entry_b

Skill      XL: |  1  2  3  4  5  6  7  8 |
---------------+-------------------------+-----
Fighting       | 1 2 3 |  3.8
Dodging        | 2 3 4 |  4.1
Unarmed Combat | 4 5 |  5.5
Shapeshifting  | 4 5 |  5.1
Shields        | 1 2 3 |  3.2

Action                     |  1- 3 |  4- 6 |  7- 9 || total
---------------------------+-------+-------+-------++-------
  Melee: Unarmed           |    78 |   136 |   124 ||   338
         Punch             |     1 |       |       ||     1
    Use: Scroll            |       |       |     1 ||     1
         Potion            |       |       |     1 ||     1
   Stab: Sleeping          |       |     1 |       ||     1
 Armour: Animal skin       |    38 |       |       ||    38
         Robe              |     2 |    81 |    84 ||   167
         Skin              |       |       |    43 ||    43
  Dodge: Dodged            |    26 |    52 |    42 ||   120
  Block: Tower shield      |       |    43 |   147 ||   190
